 Dungeon Crawl Stone Soup version 0.29-a0-870-g2c972031a6 (webtiles) character file.

Game seed: 1850674816045795879

1462 reriks the Covert (level 7, 0/38 HPs)
             Began as a Spriggan Hunter on July 17, 2022.
             Was a Priest of Ru.
             Killed from afar by an electric eel (12 damage)
             ... with a bolt of electricity
             ... on level 7 of the Dungeon.
             The game lasted 00:12:57 (9962 turns).

reriks the Covert (Spriggan Hunter)                 Turns: 9962, Time: 00:12:58

Health: 0/38       AC:  8    Str:  9    XL:     7   Next: 48%
Magic:  8/8        EV: 22    Int: 11    God:    Ru [***...]
Gold:   625        SH:  5    Dex: 18    Spells: 6/6 levels left

rFire   . . .      SeeInvis +   a - +1 shortbow
rCold   . . .      Faith    .   (shield currently unavailable)
rNeg    . . .      Spirit   .   c - +0 robe
rPois   .          Reflect  +   (helmet restricted)
rElec   .          Harm     .   B - +1 cloak
rCorr   .          Rampage  .   (gloves unavailable)
Will    +....                   (boots unavailable)
Stlth   ++++......              i - amulet of reflection
HPRegen 0.12/turn               g - ring of flight
MPRegen 0.11/turn               l - +4 ring of protection

@: flying, very quick
A: very small, no large weapons, unfitting armour, see invisible, speed 3,
inability to use devices, inexperienced 1
a: Renounce Religion, Draw Out Power


You were on level 7 of the Dungeon.
You worshipped Ru.
Ru was most pleased with you.
You visited 1 branch of the dungeon, and saw 7 of its levels.

You collected 625 gold pieces.

Inventory:

Hand Weapons
 a - a +1 shortbow (weapon)
Armour
 c - a +0 robe (worn)
 B - a +1 cloak (worn)
Jewellery
 d - an amulet of faith
 g - a ring of flight (left hand)
 h - a ring of protection from fire
 i - an amulet of reflection (around neck)
 j - an amulet of the acrobat
 l - a +4 ring of protection (right hand)
 v - a ring of magical power
 x - an amulet of magic regeneration
 y - a +6 ring of dexterity
 F - a ring of fire
Scrolls
 b - 2 scrolls of immolation
 e - a scroll of blinking
 k - 3 scrolls of teleportation
 n - 6 scrolls of enchant weapon
 p - a scroll of vulnerability
 u - 4 scrolls of identify
 C - a scroll of fog
 D - a scroll of noise {unknown}
 E - 3 scrolls of magic mapping
 H - a scroll of fear {unknown}
 I - a scroll of silence {unknown}
Potions
 f - 3 potions of attraction {unknown}
 m - 2 potions of curing {unknown}
 o - a potion of might
 q - 2 potions of degeneration
 r - a potion of haste {unknown}
 s - 2 potions of berserk rage {unknown}
 t - 2 potions of flight {unknown}
 w - a potion of mutation {unknown}
 z - a potion of cancellation {unknown}
 A - 2 potions of magic {unknown}
 G - a potion of lignification {unknown}


   Skills:
 + Level 4.6 Fighting
 + Level 6.6 Ranged Weapons
 + Level 7.3 Dodging
 + Level 8.3 Stealth


You had 6 spell levels left.
You didn't know any spells.
Your spell library contained the following spells:

 Spells                   Type           Power      Damage    Failure   Level
 Shock                    Conj/Air       0%         1d3       34%         1
 Dazzling Flash           Conj/Hex       0%         N/A       71%         3
 Stone Arrow              Conj/Erth      0%         3d7       71%         3
 Swiftness                Air            0%         N/A       71%         3
 Airstrike                Air            0%         0-1+      98%         4
 Animate Armour           Summ/Erth      0%         N/A       98%         4
 Iskenderun's Mystic Bla  Conj/Tloc      0%         2d3       98%         4
 Starburst                Conj/Fire      0%         6d3       100%        6
 Lehudib's Crystal Spear  Conj/Erth      0%         10d2      100%        8


Dungeon Overview and Level Annotations

Branches:
Dungeon (7/15)             Temple (0/1) D:6

Altars:
Nemelex Xobeh
Ru
Uskayaw
Wu Jian
Xom
Yredelemnul
The Shining One

Shops:
D:1 *   D:3 !


Innate Abilities, Weirdness & Mutations

You are very small and have problems with some larger weapons.
You are too small for most types of armour.
You have supernaturally acute eyesight. (SInv)
You cover ground extremely quickly. (Speed+++)
You cannot study or use magical devices.
You are somewhat inexperienced. (-1 XL)


Message History

Press: ? - help, Q - select action, (/) - cycle Shift-Dir - straight line, f - you
Okay, then.
Unknown command.
You start resting.
HP restored.
You start waiting.
Done waiting.
No target in view!
Your line of fire to the electric eel is blocked by a plant.
The electric eel begins to attack, but is stunned by your conviction!
Your line of fire to the electric eel is blocked by a plant.
The electric eel shoots out a bolt of lightning at you!
The bolt of electricity misses you.
Your line of fire to the electric eel is blocked by a plant.
The electric eel begins to attack, but is stunned by your conviction!
You start waiting.
An electric eel is nearby!
You shoot an arrow. The arrow hits the electric eel.
The electric eel is severely wounded.
The electric eel shoots out a bolt of lightning at you!
The bolt of electricity hits you.
You shoot an arrow.
The arrow completely misses the electric eel.
The electric eel shoots out a bolt of lightning at you!
The bolt of electricity misses you.
You shoot an arrow.
The arrow hits the electric eel but does no damage.
The electric eel is severely wounded.
The electric eel shoots out a bolt of lightning at you!
The bolt of electricity hits you!
You focus your inner power and illuminate the electric eel in retribution!
You shoot an arrow. The arrow hits the electric eel.
The electric eel is almost dead.
The electric eel shoots out a bolt of lightning at you!
The bolt of electricity hits you!
An electric eel comes into view.
The electric eel shoots out a bolt of lightning at you!
The bolt of electricity hits the plant!
The plant begins to die.
The bolt of electricity hits you!
You die...

..........# #.# #.
..........#
#.############.
..#####.###
#........†.....
#.######################
#.................
#######..........#
#..........#
#..........#
########@.........#
...................
########..........#
#..........#
#.....♣≈...+
#.....≈♣...#
##≈P/.P♣♣... ♣≈...SS♣P.#
≈≈≈...≈S♣♣#


You could see 2 electric eels.

Vanquished Creatures
  A wyvern (D:7)
  3 black bears (D:5)
  2 ogres
  A scorpion (D:5)
  A necrophage (D:6)
  4 wights (D:4)
  2 hounds
  2 orc priests
  3 iguanas (D:5)
  Natasha (thrice) (D:2)
  2 orc wizards
  Robin (D:2)
  9 adders
  A shadow imp (D:6)
  3 worms
  3 dart slugs
  14 orcs
  2 bats
  8 endoplasms
  2 giant cockroaches (D:1)
  13 goblins
  13 hobgoblins
  4 jackals (D:5)
  4 kobolds
  4 quokkas
  6 ball pythons
  3 frilled lizards
  6 rats
120 creatures vanquished.

Vanquished Creatures (others)
  A hound (D:5)
  34 plants (D:3)
35 creatures vanquished.

Grand Total: 155 creatures vanquished

Notes
Turn   | Place    | Note
-------+----------+-------------------------------------------
     0 | D:1      | reriks the Spriggan Hunter began the quest for the Orb.
     0 | D:1      | Reached XP level 1. HP: 10/10 MP: 2/2
   288 | D:1      | Reached skill level 2 in Stealth
   294 | D:1      | Reached XP level 2. HP: 11/15 MP: 3/3
   646 | D:1      | Found Vusel's Assorted Antiques.
  1552 | D:2      | Found a faded altar of an unknown god.
  1560 | D:2      | Reached XP level 3. HP: 18/18 MP: 4/4
  1585 | D:2      | Prayed at the altar of an unknown god.
  1585 | D:2      | Became a worshipper of Ru the Awakened
  1605 | D:2      | Gained mutation: You cannot study or use magical devices.
                  | [Ru sacrifice]
  1605 | D:2      | Reached * piety under Ru
  1605 | D:2      | Reached ** piety under Ru
  1874 | D:2      | Noticed Natasha
  1881 | D:2      | Killed Natasha
  1882 | D:2      | Reached skill level 3 in Stealth
  1885 | D:2      | Reached XP level 4. HP: 23/23 MP: 5/5
  2159 | D:2      | Identified the +1 helmet of Beogh's Supremacy {*Corrode
                  | Will+++ Int+2 Slay+4}
  2159 | D:2      | Noticed Robin
  2184 | D:2      | Killed Robin
  2504 | D:2      | Noticed Natasha
  2516 | D:2      | Killed Natasha
  2778 | D:2      | Reached skill level 4 in Stealth
  2778 | D:2      | Reached XP level 5. HP: 27/27 MP: 6/6
  2907 | D:2      | Noticed Natasha
  2912 | D:2      | Killed Natasha
  3494 | D:3      | Found Myett's Distillery.
  3955 | D:3      | Reached skill level 5 in Ranged Weapons
  4092 | D:3      | Reached XP level 6. HP: 32/32 MP: 7/7
  4143 | D:3      | Found a basalt altar of Yredelemnul.
  4219 | D:3      | Found an ornate altar of the Wu Jian Council.
  4342 | D:3      | Found a glowing golden altar of the Shining One.
  4344 | D:3      | Noticed an angel
  4916 | D:4      | Identified a scroll of acquirement
  4916 | D:4      | Acquired 359 gold pieces
  4920 | D:4      | Reached skill level 5 in Stealth
  5121 | D:4      | Reached skill level 5 in Dodging
  5750 | D:4      | Gained mutation: You are somewhat inexperienced. (-1 XL)
                  | [Ru sacrifice]
  5750 | D:4      | Reached XP level 5. HP: 28/28 MP: 6/6
  5750 | D:4      | Reached *** piety under Ru
  6044 | D:4      | Reached XP level 6. HP: 32/32 MP: 7/7
  6263 | D:5      | Entered Level 5 of the Dungeon
  6402 | D:5      | Reached skill level 6 in Stealth
  7398 | D:5      | Reached skill level 7 in Stealth
  7566 | D:5      | Reached XP level 7. HP: 37/37 MP: 8/8
  8050 | D:5      | Found a sparkling altar of Nemelex Xobeh.
  8180 | D:6      | Found a staircase to the Ecumenical Temple.
  9042 | D:6      | Found a hide-covered altar of Uskayaw.
  9174 | D:6      | Found a shimmering altar of Xom.
  9236 | D:6      | Reached skill level 8 in Stealth
  9962 | D:7      | Killed from afar by an electric eel

Illustrated notes

Levels and vault maps discovered:
D:1:      minmay_arrival_split_and_join, layout_loops_ring, serial_glass,
          glass_columns_b, glass_columns_a, serial_shops,
          nicolae_shop_window_shopping, kennysheep_another_room
D:2:      layout_basic, basic_ecumenical_altar, uniq_natasha, uniq_robin
D:3:      layout_loops_ring, grunt_temple_overflow_holy_war,
          pdpol_wu_jian_five_deadly_venoms, serial_shops, nicolae_shop_crystal,
          serial_bayou_lagoon_a
D:4:      layout_gridville
D:5:      layout_basic, nemelex_diamond_rough_becter,
          minmay_fractal_squares_diagonal_5
D:6:      layout_loops_ring, nicolae_uskayaw_suspiria,
          mainiacjoe_overflow_cross_hatched,
          minmay_temple_entry_statues_pillars, lemuel_old_faithful
D:7:      layout_basic, fedhas_altar_1, serial_bayou_ford_a

Skill      XL: |  1  2  3  4  5  6  7 |
---------------+----------------------+-----
Stealth        | 2 3 4 7 8 |  8.3
Dodging        | 3 4 6 7 |  7.3
Fighting       | 2 4 |  4.6
Ranged Weapons | 5 6 |  6.6

Action                   |  1- 3 |  4- 6 |  7- 9 || total
-------------------------+-------+-------+-------++-------
 Fire: Shortbow          |    88 |   301 |    65 ||   454
Invok: Sacrifice Artific |     1 |       |       ||     1
       Sacrifice Experie |       |     1 |       ||     1
  Use: Scroll            |       |     7 |     2 ||     9
Armor: Robe              |     1 |    13 |     4 ||    18
Dodge: Dodged            |    11 |    39 |    11 ||    61
Block: Other             |     1 |    12 |     4 ||    17

Table legend: (Time is in decaauts)
 A = Elapsed time spent in this place.
 B = Non-inter-level travel time spent in this place.
 C = Inter-level travel time spent in this place.
 D = Time resting spent in this place.
 E = Time spent auto-exploring this place.
 F = Levels seen in this place.
 G = Mean time per level.
                   A        B        C        D        E       F      G
               +--------+--------+--------+--------+--------+-----+--------+
         Total |   8195 |   8059 |    136 |   4627 |   2350 |   7 | 1170.7 |
       Dungeon |   8195 |   8059 |    136 |   4627 |   2350 |   7 | 1170.7 |
               +--------+--------+--------+--------+--------+-----+--------+

Top non-repeatable levels by time:
     D:2: 1616 daAuts
     D:5: 1538 daAuts
     D:1: 1251 daAuts
     D:4: 1180 daAuts
     D:3: 1096 daAuts
     D:6: 1064 daAuts
     D:7: 449 daAuts
